 Dungeon Crawl Stone Soup version 0.26.0-18-gc5c842f807 (webtiles) character file.

Game seed: 6789975577656149849

449 thiole the Sneak (level 7, 0/41 HPs)
             Began as an Octopode Hedge Wizard on Jan 22, 2021.
             Slain by Duvessa
             ... wielding a +0 short sword
              (2 damage)
             ... on level 5 of the Dungeon.
             The game lasted 00:08:50 (5001 turns).

thiole the Sneak (Octopode Hedge Wizard)            Turns: 5001, Time: 00:08:51

Health: 0/41       AC:  3    Str:  6 (9)  XL:     7   Next: 4%
Magic:  6/14       EV: 13    Int: 17 (18) God:
Gold:   220        SH:  0    Dex: 10 (12) Spells: 8/16 levels left

rFire    . . .     SeeInvis .   o - +1 hand axe (drain)
rCold    . . .     Faith    +   (no shield)
rNeg     . . .     Spirit   .   b - +2 hat
rPois    .         Reflect  .   c - amulet of faith
rElec    .         Harm     .   (no ring)
rCorr    .         Rampage  .   (no ring)
Will     .....                  (no ring)
Stlth    ++++......             (no ring)
HPRegen  0.13/turn              (no ring)
MPRegen  0.14/turn              (no ring)
                                (no ring)
                                (no ring)

@: lethally poisoned (0 -> -1)
A: almost no armour, stealthy swim, amphibious, 8 rings, constrict 8, camouflage
1, gelatinous body 1
a: no special abilities


You were on level 5 of the Dungeon.
You visited 1 branch of the dungeon, and saw 5 of its levels.

You collected 220 gold pieces.

Inventory:

Hand Weapons
 a - a +1 dagger
 o - a +1 hand axe of draining (weapon)
Armour
 b - a +2 hat (worn)
Jewellery
 c - an amulet of faith (around mantle)
Scrolls
 f - 2 scrolls of enchant weapon
 h - a scroll of teleportation
 k - 3 scrolls of identify {unknown}
 l - 5 scrolls of remove curse
 n - a scroll of fear {unknown}
 q - a scroll of enchant armour
Potions
 d - 2 potions of degeneration
 e - a potion of mutation {unknown}
 g - a potion of might {unknown}
 i - 2 potions of curing {unknown}
 j - 2 potions of invisibility {unknown}
 m - a potion of flight {unknown}
 p - 2 potions of lignification {unknown}


   Skills:
 - Level 2.0 Dodging
 + Level 7.1 Stealth
 + Level 5.2 Spellcasting
 - Level 2.0 Conjurations
 - Level 2.0 Summonings
 - Level 1.0 Translocations


You had 8 spell levels left.
You knew the following spells:

 Your Spells              Type           Power        Failure   Level
a - Magic Dart            Conj           44%          6%          1
b - Call Imp              Summ           11%          10%         2
c - Slow                  Hex            4%           22%         2
d - Mephitic Cloud        Conj/Pois/Air  6%           32%         3

Your spell library contained the following spells:

 Spells                   Type           Power        Failure   Level
 Blink                    Tloc           N/A          14%         2
 Conjure Flame            Conj/Fire      7%           28%         3


Dungeon Overview and Level Annotations

Branches:
Dungeon (5/15)
 Temple: D:4-7

Altars:
Hepliaklqana
Nemelex Xobeh
Yredelemnul

Shops:
D:4 (

Portals:
Abyss: D:3

Annotations:
D:3 2 transporters, 1 runed translucent door, Crazy Yiuf; Strat's ghost, amateur DrTm
D:5 Duvessa


Innate Abilities, Weirdness & Mutations

You cannot wear most types of armour.
You are very stealthy in the water. (Stealth+)
You are amphibious.
You can wear up to eight rings at the same time.
You can use your tentacles to constrict eight enemies at once.
Your skin changes colour to match your surroundings (Stealth+).
Your rubbery body absorbs attacks. (AC +1, EV +1)


Message History

Duvessa closely misses you.
The orc wizard points at you and mumbles some strange words.
The magic dart hits you.
The ice beast hits you but does no damage.
You barely miss Duvessa.
Duvessa is severely wounded.
You hit the ice beast. You closely miss the orc wizard.
You constrict Duvessa, but do no damage.
You feel sick. Duvessa barely misses you.
A worker ant zombie comes into view.
The orc wizard hits you with a +0 dagger.
The ice beast hits you. The ice beast freezes you!
* * * LOW HITPOINT WARNING * * *
Duvessa hits you with a +0 short sword.
* * * LOW HITPOINT WARNING * * *
It was a potion of degeneration.
There was something very wrong with that liquid.
You feel weakened.
You feel dopey.
You feel clumsy.
You constrict Duvessa. Duvessa hits you with a +0 short sword.
You die...

#.†.........#<.)......#
###........###..#########
..........## #.##
..........# #.#
.......†..# #..#
..........##..##
.............#
...........###
#........Y@# #.#.....ooe#
..........o##
............##
##...^..B#††.#
####..(..(..# ###...†...#
..Z.(.....# ............#


You could see Duvessa (berserk, drained), an ice beast, a worker ant, an orc
wizard (drained), 2 orcs and a worker ant zombie (wandering).

Vanquished Creatures
  A bullfrog (D:5)
  An orc priest (D:4)
  2 orc wizards (D:4)
  A hound zombie (D:5)
  Robin (D:2)
  7 adders
  An ooze (D:2)
  An adder zombie (D:5)
  A worm (D:2)
  3 dart slugs
  3 leopard geckos
  11 orcs
  6 giant cockroaches
  12 goblins
  14 hobgoblins
  6 jackals
  A quokka (D:2)
  A ball python (D:2)
  6 bats
  4 frilled lizards
  5 kobolds
  6 rats
94 creatures vanquished.

Vanquished Creatures (collateral kills)
  An ogre (D:4)
  Dowan (D:5)
  An orc wizard (D:3)
  An adder (D:5)
  2 orcs (D:3)
  A giant cockroach (D:5)
  A frilled lizard (D:5)
  A goblin (D:3)
  A rat (D:3)
10 creatures vanquished.

Vanquished Creatures (others)
  A fungus (D:3)
  3 plants (D:2)
4 creatures vanquished.

Grand Total: 108 creatures vanquished

Notes
Turn   | Place    | Note
-------+----------+-------------------------------------------
     0 | D:1      | thiole the Octopode Hedge Wizard began the quest for the
                  | Orb.
     0 | D:1      | Reached XP level 1. HP: 11/11 MP: 4/4
   105 | D:1      | Reached XP level 2. HP: 15/17 MP: 0/6
   122 | D:1      | Reached skill level 3 in Stealth
   335 | D:1      | Reached XP level 3. HP: 21/21 MP: 0/7
   358 | D:1      | Learned a level 2 spell: Call Imp
   361 | D:1      | Learned a level 2 spell: Slow
   365 | D:1      | Learned a level 3 spell: Mephitic Cloud
  1113 | D:2      | Noticed Robin
  1122 | D:2      | Killed Robin
  1123 | D:2      | Reached XP level 4. HP: 17/27 MP: 1/9
  1256 | D:2      | Found a hazy altar of Hepliaklqana.
  1266 | D:2      | Noticed an ogre
  1307 | D:2      | Reached skill level 4 in Stealth
  1959 | D:3      | Found a faded altar of an unknown god.
  2216 | D:3      | Reached XP level 5. HP: 31/31 MP: 7/10
  2334 | D:3      | Found a transporter.
  2334 | D:3      | Noticed a big kobold
  2335 | D:3      | Found a transporter.
  2390 | D:3      | Found a one-way gate to the infinite horrors of the Abyss.
  2390 | D:3      | Noticed Strat's ghost (amateur DrTm)
  2409 | D:3      | Noticed a small abomination
  3203 | D:3      | Reached skill level 5 in Stealth
  3487 | D:3      | Found a runed translucent door.
  3488 | D:3      | Noticed Crazy Yiuf
  3653 | D:4      | Found Lyif's Antique Weapon Emporium.
  3821 | D:4      | Noticed a phantom
  4133 | D:4      | Noticed an ogre
  4150 | D:4      | Killed an ogre
  4151 | D:4      | Reached skill level 6 in Stealth
  4151 | D:4      | Reached XP level 6. HP: 21/36 MP: 4/12
  4346 | D:4      | Found a sparkling altar of Nemelex Xobeh.
  4346 | D:4      | Found a basalt altar of Yredelemnul.
  4726 | D:5      | Entered Level 5 of the Dungeon
  4726 | D:5      | Noticed Duvessa
  4726 | D:5      | Noticed Dowan
  4727 | D:5      | Noticed an ice beast
  4977 | D:5      | Reached skill level 5 in Spellcasting
  4987 | D:5      | Killed Dowan
  4988 | D:5      | Reached skill level 7 in Stealth
  4988 | D:5      | Reached XP level 7. HP: 41/41 MP: 8/14
  5000 | D:5      | HP: 2/41 [Duvessa/+0 short sword (1)]
  5001 | D:5      | Slain by Duvessa

Illustrated notes

Levels and vault maps discovered:
D:1:      saegor_arrival_simple_e, layout_rooms
D:2:      layout_basic, lemuel_doored_altar, nicolae_ru_the_path_less_chosen,
          uniq_robin
D:3:      layout_basic, chequers_ecumenical_altar_simple_redux,
          gammafunk_ghost_abyssal_escape, uniq_crazy_yiuf_cottage
D:4:      layout_loops_ring, gammafunk_temple_overflow_claw, serial_shops,
          shop_fountains, kennysheep_small_square
D:5:      layout_rooms, uniq_duvessa, uniq_pikel

Skill      XL: |  1  2  3  4  5  6 |
---------------+-------------------+-----
Stealth        | 3 4 6 7 |  7.1
Conjurations   | 2 |  2.0
Summonings     | 2 |  2.0
Spellcasting   | 4 5 |  5.2
Dodging        | |  2.0
Translocations | |  1.0

Action                   |  1- 3 |  4- 6 |  7- 9 || total
-------------------------+-------+-------+-------++-------
Melee: Dagger            |    64 |    39 |       ||   103
       Constrict         |    13 |    15 |     1 ||    29
       Tentacles         |    11 |    11 |     1 ||    23
       Hand axe          |       |    29 |     8 ||    37
 Cast: Magic Dart        |    52 |   101 |     4 ||   157
       Call Imp          |       |    17 |       ||    17
       Mephitic Cloud    |       |     1 |       ||     1
  Use: Potion            |     2 |       |     2 ||     4
       Scroll            |     4 |     3 |       ||     7
 Stab: Sleeping          |     1 |     2 |       ||     3
       Confused          |       |     2 |       ||     2
Armor: Skin              |    10 |    10 |     2 ||    22
Dodge: Dodged            |    51 |    44 |    15 ||   110
